 Dungeon Crawl Stone Soup version 0.30-a0-802-gb92711bcdf (webtiles) character file.

Game seed: 9025759708157820998

12 jlumianski the Trooper (level 2, -4/24 HPs)
             Began as a Demonspawn Fighter on Feb 24, 2023.
             Splashed by a jelly's acid (9 damage)
             ... on level 2 of the Dungeon.
             The game lasted 00:01:33 (769 turns).

jlumianski the Trooper (Demonspawn Fighter)          Turns: 769, Time: 00:01:34

Health: -4/24      AC:  2    Str: 16    XL:     2   Next: 20%
Magic:  2/2        EV:  8    Int:  9    God:
Gold:   37         SH:  4    Dex: 12    Spells: 1/1 levels left

rFire   . . .      SeeInvis .    a - +0 war axe
rCold   . . .      Faith    .    c - +0 buckler
rNeg    . . .      Spirit   .    b - +0 scale mail
rPois   .          Reflect  .    (no helmet)
rElec   .          Harm     .    (no cloak)
rCorr   .          Rampage  .    (no gloves)
Will    .....                    (no boots) Stlth
                                 (no amulet)
HPRegen 0.24/turn                (no ring)
MPRegen 0.08/turn                (no ring)

@: corroded
A: claws 1
a: no special abilities


You were on level 2 of the Dungeon.
You visited 1 branch of the dungeon, and saw 2 of its levels.

You collected 37 gold pieces.

Inventory:

Hand Weapons
 a - a +0 war axe (weapon)
Armour
 b - a +0 scale mail (worn)
 c - a +0 buckler (worn)
Scrolls
 g - 2 scrolls of torment {unknown}
 i - a scroll of blinking {unknown}
 j - 2 scrolls of identify {unknown}
 k - a scroll of brand weapon {unknown}
 l - a scroll of vulnerability {unknown}
Potions
 d - a potion of might
 e - a potion of mutation {unknown}
 f - a potion of flight {unknown}
 h - 2 potions of lignification {unknown}
 m - a potion of magic {unknown}
 n - a potion of invisibility {unknown}


   Skills:
 + Level 3.1 Fighting
 + Level 1.9 Axes
 + Level 2.9 Armour
 + Level 3.0 Shields


You had one spell level left.
You didn't know any spells.
Your spell library contained the following spells:

 Spells                   Type           Power      Damage    Failure   Level
 Stone Arrow              Conj/Erth      0%         3d7       99%         3
 Animate Armour           Summ/Erth      0%         N/A       100%        4
 Lehudib's Crystal Spear  Conj/Erth      0%         10d2      100%        8


Dungeon Overview and Level Annotations

Branches:
Dungeon (2/15)

Altars:


Innate Abilities, Weirdness & Mutations

You have sharp fingernails.


Message History

The goblin hits you with a +0 dagger.
You barely miss the goblin. You block the goblin's attack.
You barely miss the goblin. You block the goblin's attack.
The goblin hits you but does no damage.
You barely miss the goblin. The goblin hits you but does no damage.
You barely miss the goblin. You block the goblin's attack.
The goblin barely misses you.
You hit the goblin.
You kill the goblin!
Things that are here:
a +0 dagger; a goblin corpse
Found a coppery potion.
Found an emerald potion.
You hit the endoplasm.
The endoplasm is moderately wounded.
The endoplasm closely misses you.
The endoplasm hits you but does no damage.
You hit the endoplasm.
You kill the endoplasm!
Your Shields skill increases to level 3!
m - an emerald potion
There is an open door here.
h - 2 coppery potions (gained 1)
n - a dark potion You open the door.
There is an open door here.
A jelly and an adder come into view.
The jelly quivers.
The adder hisses angrily.
You hear a shout!
The jelly attacks as you move away! The jelly closely misses you.
You hit the jelly but do no damage.
Your claws burn!
The jelly hits you.
You are splashed with acid!
The jelly hits you but does no damage.
You barely miss the jelly. The jelly closely misses you.
You hit the jelly. The acid corrodes you!
Your claws burn!
* * * LOW HITPOINT WARNING * * *
The jelly is moderately wounded.
You block the jelly's attack. The jelly hits you.
* * * LOW HITPOINT WARNING * * *
You are splashed with acid!
You die...

#........##
#.......... #
####....... #.
#....... #..
#....... #...####
#....... #S..S#
#....... #J#
#.......
#@#########.......
#.........'.......
###########.......
########


You could see a jelly and an adder.

Vanquished Creatures
  2 endoplasms (D:2)
  A giant cockroach (D:1)
  A hobgoblin (D:1)
  A ball python (D:2)
  4 bats (D:1)
  A goblin (D:2)
  2 rats (D:1)
12 creatures vanquished.

Notes
Turn   | Place    | Note
-------+----------+-------------------------------------------
     0 | D:1      | jlumianski the Demonspawn Fighter began the quest for the
                  | Orb.
     0 | D:1      | Reached XP level 1. HP: 18/18 MP: 1/1
    67 | D:1      | Found a faded altar of an unknown god.
   604 | D:1      | Gained mutation: You have sharp fingernails. [demonic
                  | ancestry]
   604 | D:1      | Reached XP level 2. HP: 24/24 MP: 2/2
   769 | D:2      | Splashed by a jelly's acid

Illustrated notes

Levels and vault maps discovered:
D:1:      heliophobic_arrival_enchanted_forest, layout_basic,
          shapermc_ecumenical_altar_venn, glass_columns_a, eino_curves_03
D:2:      layout_basic, st_stairs_5, grunt_ministairs_10, uniq_robin

Skill      XL: |  1  2 |
---------------+-------+-----
Shields        | 3 |  3.0
Fighting       | |  3.1
Axes           | |  1.9
Armour         | |  2.9

Action                     || total
---------------------------++-------
  Melee: War axe           ||    26
 Armour: Scale mail        ||    12
  Dodge: Dodged            ||    15
  Block: Buckler           ||    11

Table legend: (Time is in decaauts)
 A = Elapsed time spent in this place.
 B = Non-inter-level travel time spent in this place.
 C = Inter-level travel time spent in this place.
 D = Time resting spent in this place.
 E = Time spent auto-exploring this place.
 F = Levels seen in this place.
 G = Mean time per level.
                   A        B        C        D        E       F      G
               +--------+--------+--------+--------+--------+-----+--------+
         Total |    780 |    746 |     34 |      0 |    599 |   2 |  390.0 |
       Dungeon |    780 |    746 |     34 |      0 |    599 |   2 |  390.0 |
               +--------+--------+--------+--------+--------+-----+--------+

Top non-repeatable levels by time:
     D:1: 650 daAuts
     D:2: 130 daAuts
